 Dungeon Crawl Stone Soup version 0.25.1-2-g60ff931df9 (webtiles) character file.

Game seed: 14106289835824802713

89 pokeman the Magician (level 4, -1/25 HPs)
             Began as a Deep Elf Wizard on Nov 13, 2020.
             Killed from afar by Robin (6 damage)
             ... with a puff of flame
             ... on level 2 of the Dungeon.
             The game lasted 00:03:06 (1872 turns).

pokeman the Magician (Deep Elf Wizard)              Turns: 1872, Time: 00:03:06

Health: -1/25      AC:  2    Str:  4    XL:     4   Next: 31%
Magic:  5/13       EV: 13    Int: 24    God:
Gold:   151        SH:  0    Dex: 13    Spells: 3/14 levels left

rFire    . . .     SeeInvis .   h - +1 dagger (venom)
rCold    . . .     Gourm    .   (no shield)
rNeg     . . .     Faith    .   a - +0 robe
rPois    .         Spirit   .   b - +0 hat
rElec    .         Reflect  .   (no cloak)
rCorr    .         Harm     .   (no gloves)
MR       .....                  (no boots)
Stlth    ++........             (no amulet)
HPRegen  0.08/turn              (no ring)
MPRegen  0.13/turn              (no ring)

@: no status effects
A: no striking features
a: no special abilities


You were on level 2 of the Dungeon.
You were not hungry.

You visited 1 branch of the dungeon, and saw 2 of its levels.

You collected 151 gold pieces.

Inventory:

Hand Weapons
 h - a +1 dagger of venom (weapon)
Missiles
 e - 11 arrows
Armour
 a - a +0 robe (worn)
 b - a +0 hat (worn)
 f - a cursed +0 kite shield
Scrolls
 g - 2 scrolls of fog {unknown}
 j - 3 scrolls of remove curse {unknown}
 k - a scroll of random uselessness {unknown}
 l - 2 scrolls of identify {unknown}
Potions
 c - 2 potions of mutation {unknown}
 i - a potion of haste {unknown}
 m - 2 potions of stabbing {unknown}
 n - a potion of flight {unknown}
Comestibles
 d - 3 rations


   Skills:
 - Level 1.1 Fighting
 - Level 1.1 Armour
 + Level 2.5 Dodging
 - Level 2.4 Stealth
 + Level 0.2 Shields
 * Level 5.6 Spellcasting
 + Level 2.2 Conjurations
 - Level 1.1 Summonings
 - Level 1.1 Translocations


You had 3 spell levels left.
You knew the following spells:

 Your Spells              Type           Power        Failure   Level  Hunger
a - Magic Dart            Conj           ###.         3%          1    None
b - Mephitic Cloud        Conj/Pois/Air  ##......     19%         3    #......
c - Call Imp              Summ           ##......     8%          2    None
d - Blink                 Tloc           N/A          8%          2    None
e - Conjure Flame         Conj/Fire      ##......     16%         3    #......

Your spell library contained the following spells:

 Spells                   Type           Power        Failure   Level  Hunger
 Slow                     Hex            #.......     13%         2    None


Dungeon Overview and Level Annotations

Branches:
Dungeon (2/15)

Altars:

Annotations:
D:2 Robin


Message History

Things that are here:
a +0 hunting sling; 18 stones; a goblin skeleton Robin zaps a wand.
The puff of flame hits you!
Robin zaps a wand.
The puff of flame hits you!
* * * LOW HITPOINT WARNING * * *
A goblin comes into view. It is wielding a +0 mace.
The goblin shouts!
Casting: Magic Dart (safe; 3% risk of failure)
Confirm with . or Enter, or press ? or * to list all spells.
Aiming: Magic Dart (safe; 3% risk of failure)
Press: ? - help, Shift-Dir - straight line, f - goblin
Aim: a goblin, wielding a +0 mace The magic dart hits the goblin.
You kill the goblin!
n - a fizzy clear potion
l - 2 scrolls labeled ZETAAGGABU (gained 1)
You now have 151 gold pieces (gained 33).
You see here a +0 mace.
Robin zaps a wand.
The puff of flame hits you.
You die...

#.....#...#.
#..####P.P# #..# P.##
.# #..# P# #.#### #..#
#....# #..########
#.##.# #.........#
#.##.# #
##)####g#####.##.###..#
#.........g....@.....#
###########..#..####.#
#..........#
##.#..###### #.#..#
#.#.†# ####### #.#..#
#.....# #.#..####.....#
#..........[..#######


You could see Robin.

Vanquished Creatures
  Terence (D:2)
  An ooze (D:1)
  3 dart slugs (D:1)
  A leopard gecko (D:2)
  5 giant cockroaches
  12 goblins
  5 hobgoblins
  2 jackals (D:1)
  6 kobolds
  2 quokkas (D:2)
  A ball python (D:1)
  3 frilled lizards (D:1)
  4 rats
46 creatures vanquished.

Notes
Turn   | Place    | Note
-------+----------+-------------------------------------------
     0 | D:1      | pokeman the Deep Elf Wizard began the quest for the Orb.
     0 | D:1      | Reached XP level 1. HP: 10/10 MP: 7/7
     6 | D:1      | Noticed a polar bear
     6 | D:1      | Noticed a komodo dragon
     6 | D:1      | Noticed a lindwurm
     7 | D:1      | Noticed a salamander
     7 | D:1      | Noticed a wolf
   150 | D:1      | Reached XP level 2. HP: 16/16 MP: 5/9
   533 | D:1      | Reached skill level 5 in Spellcasting
   686 | D:1      | Reached XP level 3. HP: 20/20 MP: 9/11
   691 | D:1      | Learned a level 3 spell: Mephitic Cloud
   694 | D:1      | Learned a level 2 spell: Call Imp
   697 | D:1      | Learned a level 2 spell: Blink
   701 | D:1      | Learned a level 3 spell: Conjure Flame
  1281 | D:2      | Noticed Terence
  1295 | D:2      | Killed Terence
  1295 | D:2      | Reached skill level 1 in Fighting
  1295 | D:2      | Reached skill level 1 in Armour
  1300 | D:2      | Reached XP level 4. HP: 8/25 MP: 0/13
  1829 | D:2      | Noticed Robin
  1872 | D:2      | Killed from afar by Robin

Illustrated notes

Levels and vault maps discovered:
D:1:      onia_arrival_zoo_common, layout_basic, minivault_27,
          hangedman_decor_slide_cut, grunt_decor_arrowhead
D:2:      layout_loops_ring, grunt_temple_overflow_growth_and_decay,
          uniq_terence, uniq_robin

Skill      XL: |  1  2  3 |
---------------+----------+-----
Spellcasting   | 5 |  5.6
Fighting       | 1 |  1.1
Armour         | 1 |  1.1
Conjurations   | 2 |  2.2
Dodging        | |  2.5
Stealth        | |  2.4
Shields        | |  0.2
Summonings     | |  1.1
Translocations | |  1.1

Action                   |  1- 3 |  4- 6 || total
-------------------------+-------+-------++-------
Melee: Dagger            |    18 |       ||    18
 Cast: Magic Dart        |    62 |    30 ||    92
       Conjure Flame     |     1 |       ||     1
       Mephitic Cloud    |     1 |       ||     1
  Eat: Chunk             |     1 |     2 ||     3
Armor: Robe              |     2 |       ||     2
Dodge: Dodged            |    16 |       ||    16
